 Dungeon Crawl Stone Soup version 0.22-a0-469-gf26638a (webtiles) character file.

277 Laiders72 the Insei (level 6, -1/49 HPs)
             Began as a Draconian Transmuter on June 13, 2018.
             Slain by Grinder (8 damage)
             ... on level 4 of the Dungeon.
             The game lasted 00:07:51 (3217 turns).

Laiders72 the Insei (Draconian Transmuter)          Turns: 3217, Time: 00:07:52

Health: -1/49      AC:  8    Str: 12    XL:     6   Next: 4%
Magic:  17/20      EV: 12    Int: 15    God:
Gold:   129        SH:  0    Dex: 12    Spells: 5/11 levels left

rFire    . . .     SeeInvis .     - Unarmed
rCold    . . .     Gourm    .   (no shield)
rNeg     + . .     Faith    .   (armour unavailable)
rPois    .         Spirit   .   (helmet restricted)
rElec    .         Reflect  .   (no cloak)
rCorr    .         Harm     .   g - +1 pair of gloves
MR       .....                  (no boots)
Stlth    +.........             (no amulet)
HPRegen  0.16/turn              i - ring of magical power
MPRegen  0.17/turn              d - ring of positive energy

@: no status effects
A: unfitting armour, cold-blooded, AC +6
a: no special abilities


You were on level 4 of the Dungeon.
You were not hungry.

You visited 1 branch of the dungeon, and saw 4 of its levels.

You collected 129 gold pieces.

Inventory:

Missiles
 a - 40 arrows
Armour
 g - a +1 pair of gloves (worn)
Jewellery
 d - a ring of positive energy (right hand)
 i - a ring of magical power (left hand)
Wands
 n - a wand of paralysis (15)
 q - a wand of disintegration (12)
Scrolls
 b - 2 scrolls of fear
 e - a scroll of remove curse
 k - 2 scrolls of identify
 m - a scroll of noise {unknown}
Potions
 h - a potion of brilliance
 j - a potion of resistance {unknown}
 o - a potion of flight {unknown}
Comestibles
 c - 9 rations


   Skills:
 + Level 2.3 Fighting
 + Level 2.5 Dodging
 + Level 3.6 Unarmed Combat
 * Level 3.4 Spellcasting
 * Level 3.6 Transmutations
 + Level 1.6 Poison Magic


You had 5 spell levels left.
You knew the following spells:

 Your Spells              Type           Power        Failure   Level  Hunger
a - Beastly Appendage     Tmut           ##....       4%          1    None
b - Sticks to Snakes      Tmut           ##......     6%          2    ##.....
c - Spider Form           Tmut/Pois      ##........   21%         3    ###....

Your spell library contained the following spells:

 Spells                   Type           Power        Failure   Level  Hunger
 Blade Hands              Tmut           ##........   75%         5    ######.
 Ice Form                 Ice/Tmut       #.......     65%         4    ####...


Dungeon Overview and Level Annotations

Branches:
Dungeon (4/15)
 Temple: D:4-7

Altars:
Ashenzari
Hepliaklqana

Annotations:
D:2 Sigmund
D:4 Grinder


Innate Abilities, Weirdness & Mutations

Your plain brown scales are hard. (AC +6)
You cannot fit into any form of body armour.
You are cold-blooded and may be slowed by cold attacks.


Message History

Your adder misses Grinder.
You see here a scroll of fear.
Your adder bites Grinder.
Grinder hits your adder!
Your adder dies!
An orc comes into view. It is wielding a mace.
The orc shouts!
An orc comes into view.
An orc comes into view.
The orc shouts! x2
An orc comes into view. It is wielding a flail.
An orc comes into view. It is wielding a hand axe.
Found a scroll of enchant armour.
The orc shouts!
Grinder gestures at you. Pain shoots through your body!
* * * LOW HITPOINT WARNING * * *
The orc closely misses you.
There is a stone staircase leading up here.
Grinder hits you!
You die...

#... #... #....
....... #....
...?... #...oo
.......... #...o.#
#.........
#....oo###.........
#>@##........
##.5........
###.###.##########
#...............
#######.....#######
#........##.# ##
#...5##.###... ##.
#...............#..
#....##.#####..##..


You could see Grinder and 5 orcs.

Vanquished Creatures
  Menkaure (D:4)
  An orc wizard (D:3)
  An iguana (D:4)
  A hound skeleton (D:4)
  4 adders
  A dart slug (D:1)
  3 leopard geckos
  4 orcs (D:3)
  A ball python (D:3)
  6 bats
  6 goblins
  5 hobgoblins
  3 jackals (D:4)
  5 kobolds
  2 quokkas (D:4)
  3 frilled lizards
  3 rats
50 creatures vanquished.

Vanquished Creatures (collateral kills)
  A worker ant (D:4)
  3 orcs (D:3)
  A kobold (D:2)
5 creatures vanquished.

Grand Total: 55 creatures vanquished

Notes
Turn   | Place    | Note
-------+----------+-------------------------------------------
     0 | D:1      | Laiders72 the Draconian Transmuter began the quest for the Orb.
     0 | D:1      | Reached XP level 1. HP: 16/16 MP: 3/3
   352 | D:1      | Reached XP level 2. HP: 16/23 MP: 5/5
   356 | D:1      | Learned a level 2 spell: Sticks to Snakes
   865 | D:2      | Reached XP level 3. HP: 20/28 MP: 6/6
   873 | D:2      | Learned a level 3 spell: Spider Form
   874 | D:2      | Found a faded altar of an unknown god.
   899 | D:2      | Noticed Sigmund
  1396 | D:3      | Reached XP level 4. HP: 25/36 MP: 8/8
  1919 | D:3      | Found a hazy altar of Hepliaklqana.
  2238 | D:3      | Found a shattered altar of Ashenzari.
  2394 | D:4      | Reached skill level 1 in Poison Magic
  2394 | D:4      | Reached XP level 5. HP: 15/41 MP: 9/9
  3073 | D:4      | Noticed Menkaure
  3093 | D:4      | Killed Menkaure
  3093 | D:4      | Reached XP level 6. HP: 38/49 MP: 11/11
  3190 | D:4      | Noticed Grinder
  3196 | D:4      | Paralysed by Grinder for 4 turns
  3217 | D:4      | Slain by Grinder

Vault maps used:
D:1:      minmay_arrival_three_doors
D:2:      nemelex_altar_shiori, lemuel_coloured_pillars_altar,
          grunt_temple_overflow_open, chequers_ecumenical_altar_simple,
          uniq_sigmund, uniq_robin
D:3:      marbit_many_paths, lemuel_round_altar, first_ration,
          minmay_misc_feat_tiny
D:4:      lemuel_blue_sif_altar, uniq_grinder, uniq_duvessa, uniq_menkaure

Skill      XL: |  1  2  3  4 |
---------------+-------------+-----
Dodging        | 2 |  2.5
Transmutations | 3 |  3.6
Fighting       | 2 |  2.3
Spellcasting   | 3 |  3.4
Poison Magic   | 1 |  1.6
Unarmed Combat | |  3.6

Action                   |  1- 3 |  4- 6 || total
-------------------------+-------+-------++-------
Melee: Unarmed           |    18 |    62 ||    80
       Hand axe          |    70 |    59 ||   129
       Tailslap          |    11 |    11 ||    22
       Kick              |     4 |       ||     4
       Punch             |       |     1 ||     1
 Cast: Beastly Appendage |     2 |       ||     2
       Sticks to Snakes  |     2 |     6 ||     8
       Spider Form       |     1 |     4 ||     5
  Use: Scroll            |     4 |     3 ||     7
 Stab: Sleeping          |       |     1 ||     1
  Eat: Chunk             |     2 |     7 ||     9
Armor: Skin              |    28 |    31 ||    59
Dodge: Dodged            |    82 |    98 ||   180

Table legend:
 A = Spawn XP
 B = Non-spawn XP
 C = Spawn XP percentage of total XP
 D = Spawn monster count
 E = Non-spawn monster count
 F = Spawn count percentage of total count
 G = Total turns spent on level
                    A         B        C        D         E        F      G
               +---------+---------+-------+---------+---------+-------+---------
         Total |       0 |     396 |   0.0 |       0 |      55 |   0.0 |  3217
               +---------+---------+-------+---------+---------+-------+---------
           D:1 |       0 |      24 |   0.0 |       0 |      13 |   0.0 |   624
           D:2 |       0 |      28 |   0.0 |       0 |      10 |   0.0 |   310
           D:3 |       0 |     105 |   0.0 |       0 |      21 |   0.0 |  1361
           D:4 |       0 |     239 |   0.0 |       0 |      11 |   0.0 |   922
               +---------+---------+-------+---------+---------+-------+---------
